 Dungeon Crawl Stone Soup version 0.28-a0-535-g6f645e4c1d (webtiles) character file.

Game seed: 167572336946009809

65 ytrimaz the Skirmisher (level 3, 0/30 HPs)
             Began as a Demonspawn Berserker on Sept 27, 2021.
             Was a Believer of Trog.
             Slain by a kobold (4 damage)
             ... on level 2 of the Dungeon.
             The game lasted 00:02:24 (1811 turns).

ytrimaz the Skirmisher (Demonspawn Berserker)       Turns: 1811, Time: 00:02:25

Health: 0/30       AC:  2    Str: 18    XL:     3   Next: 92%
Magic:  3/3        EV: 12    Int:  8    God:    Trog [**....]
Gold:   45         SH:  0    Dex: 12    Spells: 2/2 levels left

rFire   . . .      SeeInvis .     - Unarmed
rCold   . . .      Faith    .   (no shield)
rNeg    . . .      Spirit   .   a - +0 animal skin
rPois   .          Reflect  .   (no helmet)
rElec   .          Harm     .   (no cloak)
rCorr   .          Rampage  .   (no gloves)
Will    .....                   (no boots)
Stlth   +.........              (no amulet)
HPRegen 0.10/turn               (no ring)
MPRegen 0.08/turn               (no ring)

@: on berserk cooldown, slowed, very slow
A: talons 1
a: Renounce Religion, Berserk, Trog's Hand


You were on level 2 of the Dungeon.
You worshipped Trog.
Trog was pleased with you.
You visited 1 branch of the dungeon, and saw 2 of its levels.

You collected 45 gold pieces.

Inventory:

Armour
 a - a +0 animal skin (worn)
Potions
 b - a potion of ambrosia {unknown}
 e - 3 potions of curing {unknown}


   Skills:
 * Level 3.7 Fighting
 + Level 1.8 Armour
 + Level 2.0 Dodging
 * Level 3.7 Unarmed Combat


You had 2 spell levels left.
You didn't know any spells.
Your spell library was empty.

Dungeon Overview and Level Annotations

Branches:
Dungeon (2/15)

Altars:
Kikubaaqudgha


Innate Abilities, Weirdness & Mutations

You have sharp toenails.


Message History

You start resting.
A rat is nearby!
A rat is nearby!
A rat is nearby!
The rat barely misses you. x2
Things that are here:
a +0 spear; a goblin corpse The rat misses you.
You closely miss the rat. You claw the rat.
You kill the rat!
Trog accepts your kill.
You see here a rat corpse.
Things that are here:
a +0 spear; a goblin corpse You start resting.
A kobold comes into view. It is wielding a +0 short sword.
A kobold is nearby!
You start resting.
A kobold is nearby!
The kobold shouts!
Things that are here:
a +0 spear; a goblin corpse A kobold is nearby!
Things that are here:
a +0 spear; a goblin corpse The kobold hits you with a +0 short sword.
* * * LOW HITPOINT WARNING * * *
The kobold hits you with a +0 short sword.
* * * LOW HITPOINT WARNING * * *
You hit the kobold. Your kick misses the kobold.
The kobold is moderately wounded.
The kobold hits you with a +0 short sword.
* * * LOW HITPOINT WARNING * * *
You barely miss the kobold. Your kick misses the kobold.
The kobold is moderately wounded.
The kobold barely misses you.
You barely miss the kobold. Your kick misses the kobold.
The kobold is moderately wounded.
The kobold hits you with a +0 short sword.
You die...

### ## ##. #.. ..# ...
#.# #.# ... . #.#
##.####.# .. #.#
........ .## #.#
#.#...# ..K #.# #.#.#.#
.. #.####...K)###.#
####........)@.†..##.#
#.........####)#.......
#.#####...# #.....#.#.
#.####..#.# ###.#.#
#.........##... ...#
#..##........# #....
.###..##.._..##...
...#. ......##.....# .#
..... .##..........#
....


You could see a kobold.

Vanquished Creatures
  An adder (D:2)
  2 dart slugs (D:1)
  2 ball pythons (D:1)
  4 bats (D:1)
  7 endoplasms (D:1)
  2 giant cockroaches
  6 goblins
  7 hobgoblins
  4 jackals (D:1)
  A quokka (D:1)
  A frilled lizard (D:2)
  5 kobolds
  4 rats
46 creatures vanquished.

Notes
Turn   | Place    | Note
-------+----------+-------------------------------------------
     0 | D:1      | ytrimaz the Demonspawn Berserker began the quest for the
                  | Orb.
     0 | D:1      | Reached XP level 1. HP: 18/18 MP: 1/1
   532 | D:1      | Gained mutation: You have sharp toenails. [demonic
                  | ancestry]
   532 | D:1      | Reached XP level 2. HP: 23/24 MP: 2/2
   622 | D:1      | Reached XP level 3. HP: 12/29 MP: 3/3
   843 | D:1      | Reached ** piety under Trog
  1739 | D:2      | Found an ancient bone altar of Kikubaaqudgha.
  1811 | D:2      | Slain by a kobold

Illustrated notes

Levels and vault maps discovered:
D:1:      tarquinn_simple_flora_water_a, layout_loops_corners,
          minmay_pentomino_u4
D:2:      layout_loops_corners, basic_altar, serial_shops, nicolae_shop_stone,
          minmay_misc_feat_roman, minmay_fractal_squares_5

Skill      XL: |  1  2 |
---------------+-------+-----
Unarmed Combat | 3 |  3.7
Dodging        | 2 |  2.0
Fighting       | |  3.7
Armour         | |  1.8

Action                   || total
-------------------------++-------
Melee: Unarmed           ||   119
       Kick              ||    26
Invok: Berserk           ||     2
  Use: Scroll            ||     2
 Stab: Distracted        ||     1
       Sleeping          ||     1
Armor: Animal skin       ||    26
Dodge: Dodged            ||    85

Table legend: (Time is in decaauts)
 A = Elapsed time spent in this place.
 B = Non-inter-level travel time spent in this place.
 C = Inter-level travel time spent in this place.
 D = Time resting spent in this place.
 E = Time spent auto-exploring this place.
 F = Levels seen in this place.
 G = Mean time per level.
                   A        B        C        D        E       F      G
               +--------+--------+--------+--------+--------+-----+--------+
         Total |   1818 |   1805 |     13 |    119 |   1354 |   2 |  909.0 |
       Dungeon |   1818 |   1805 |     13 |    119 |   1354 |   2 |  909.0 |
               +--------+--------+--------+--------+--------+-----+--------+

Top non-repeatable levels by time:
     D:1: 1711 daAuts
     D:2: 106 daAuts
